 Dungeon Crawl Stone Soup version 0.25.0-33-gff14898491 (webtiles) character file.

Game seed: 14784188970486106393

177 Peloso the Skirmisher (level 5, -4/41 HPs)
             Began as a Demonspawn Fighter on July 7, 2020.
             Slain by an ogre
             ... wielding a +0 giant spiked club
              (11 damage)
             ... on level 4 of the Dungeon.
             The game lasted 00:04:46 (3471 turns).

Peloso the Skirmisher (Demonspawn Fighter)          Turns: 3471, Time: 00:04:47

Health: -4/41      AC:  6    Str: 18    XL:     5   Next: 30%
Magic:  5/5        EV:  7    Int:  9    God:
Gold:   206        SH:  9    Dex: 12    Spells: 4/4 levels left

rFire    . . .     SeeInvis .   a - +0 long sword
rCold    + . .     Gourm    .   c - +0 kite shield
rNeg     . . .     Faith    .   b - +0 scale mail
rPois    .         Spirit   .   (no helmet)
rElec    .         Reflect  .   (no cloak)
rCorr    .         Harm     .   (no gloves)
MR       .....                  (no boots)
Stlth    ..........             h - amulet of the acrobat
HPRegen  0.13/turn              (no ring)
MPRegen  0.09/turn              (no ring)

@: mighty, stab, very slightly contaminated
A: talons 1, cold resistance 1, freezing cloud immunity
a: no special abilities


You were on level 4 of the Dungeon.
You were not hungry.

You visited 1 branch of the dungeon, and saw 4 of its levels.

You collected 206 gold pieces.

Inventory:

Hand Weapons
 a - a +0 long sword (weapon)
Armour
 b - a +0 scale mail (worn)
 c - a +0 kite shield (worn)
Jewellery
 h - an amulet of the acrobat (around neck)
Wands
 n - a wand of polymorph (5)
Scrolls
 g - 3 scrolls of amnesia {unknown}
 j - 2 scrolls of teleportation {unknown}
 r - a scroll of fog
 u - a scroll of remove curse
Potions
 d - 4 potions of might
 e - a potion of brilliance
 i - a potion of mutation
 p - 2 potions of haste
 t - a potion of cancellation
Comestibles
 f - 5 rations
 q - a chunk of flesh


   Skills:
 + Level 3.6 Fighting
 + Level 3.3 Long Blades
 + Level 3.5 Armour
 + Level 1.0 Dodging
 + Level 0.1 Stealth
 + Level 3.3 Shields


You had 4 spell levels left.
You didn't know any spells.
Your spell library was empty.

Dungeon Overview and Level Annotations

Branches:
Dungeon (4/15)
 Temple: D:4-7

Altars:


Innate Abilities, Weirdness & Mutations

You have sharp toenails.
Your flesh is cold resistant. (rC+)
You are immune to freezing clouds.


Message History

The ogre hits you with a +0 giant spiked club.
You slash the ogre! You claw the ogre.
The ogre is heavily wounded.
The ogre hits you with a +0 giant spiked club!!
Unknown command.
Evoke which item? (* to show all) (? for menu, Esc to quit)
Okay, then.
You feel very mighty all of a sudden.
The ogre hits you with a +0 giant spiked club!
* * * LOW HITPOINT WARNING * * *
You barely miss the ogre. You claw the ogre.
The ogre is severely wounded.
The ogre hits you but does no damage.
You hit the ogre.
The ogre is severely wounded.
You block the ogre's attack.
You barely miss the ogre. You claw the ogre!
The ogre is almost dead.
The ogre hits you with a +0 giant spiked club!
You die...

... #.# ... #..
..# ... #.# #..
#.# #.. #O# #..
#@# #.. #.#
#..#####.##
#..).....<#
......######.##
.##.# <..# #
##..# ....
##.##


You could see an ogre.

Vanquished Creatures
  Jessica (D:2)
  Terence (D:2)
  6 adders
  An ooze (D:3)
  4 worms
  2 leopard geckos
  An orc (D:3)
  6 giant cockroaches
  5 goblins
  4 hobgoblins
  4 jackals
  A ball python (D:3)
  10 bats
  7 frilled lizards
  5 kobolds
  8 rats
66 creatures vanquished.

Notes
Turn   | Place    | Note
-------+----------+-------------------------------------------
     0 | D:1      | Peloso the Demonspawn Fighter began the quest for the Orb.
     0 | D:1      | Reached XP level 1. HP: 18/18 MP: 1/1
   240 | D:1      | Gained mutation: Your flesh is cold resistant. (rC+)
                  | [demonic ancestry]
   240 | D:1      | Reached XP level 2. HP: 10/24 MP: 2/2
  1241 | D:2      | Gained mutation: You have sharp toenails. [demonic
                  | ancestry]
  1241 | D:2      | Reached XP level 3. HP: 13/29 MP: 3/3
  1692 | D:2      | Noticed Jessica
  1699 | D:2      | Killed Jessica
  1700 | D:2      | Gained mutation: You are immune to freezing clouds.
                  | [demonic ancestry]
  1700 | D:2      | Reached XP level 4. HP: 36/36 MP: 4/4
  2072 | D:2      | Noticed Terence
  2078 | D:2      | Killed Terence
  2821 | D:3      | Reached XP level 5. HP: 41/41 MP: 5/5
  3063 | D:3      | Reached skill level 1 in Dodging
  3191 | D:3      | Found a faded altar of an unknown god.
  3462 | D:4      | Noticed an ogre
  3471 | D:4      | Slain by an ogre

Illustrated notes

Levels and vault maps discovered:
D:1:      kilobyte_arrival_exit_the_forest, layout_basic, lemuel_flame_loot_1
D:2:      layout_basic, minmay_misc_feat_more_columns, uniq_jessica,
          uniq_terence
D:3:      layout_basic, chequers_ecumenical_altar_lobes
D:4:      layout_basic, makhleb_blood_cavern_becter, first_ration, uniq_ijyb,
          uniq_grinder

Skill      XL: |  1  2  3  4  5 |
---------------+----------------+-----
Long Blades    | 2 3 |  3.3
Shields        | 3 |  3.3
Armour         | 3 |  3.5
Dodging        | 1 |  1.0
Fighting       | |  3.6
Stealth        | |  0.1

Action                   |  1- 3 |  4- 6 || total
-------------------------+-------+-------++-------
Melee: Long sword        |   104 |    85 ||   189
       Kick              |     2 |    27 ||    29
  Use: Potion            |       |     6 ||     6
       Scroll            |       |     5 ||     5
 Stab: Sleeping          |       |     2 ||     2
  Eat: Chunk             |     3 |     5 ||     8
Armor: Scale mail        |    62 |    30 ||    92
Dodge: Dodged            |    36 |    36 ||    72
Block: Kite shield       |    67 |    39 ||   106
       Rpst.: Long sword |    15 |    12 ||    27
